EVO
UNIVERSITY OF SOUTH CAROLINA GAMECOCKS @ FRESNO STATE UNIVERSITY BULLDOGS
12/13/2045
 
TOP OF THE 1ST
University of South Carolina Gamecocks batting - Pitching for Fresno State University Bulldogs : LHP David Salcido
Pitching: LHP David Salcido
Batting: SHB Salvador Lacosta 0-0: Called Strike
0-1: Ground out 6-3 (Groundball, 56, EV 81.2 MPH)
Batting: RHB Clark Meagher 0-0: Foul Ball, location: 2F
0-1: Ball
1-1: Swinging Strike
1-2: Ball
2-2: Foul Ball, location: 2F
2-2: Ground out 4-3 (Groundball, 13, EV 85.0 MPH)
Batting: RHB Pablo Nunez 0-0: Foul Ball, location: 2F
0-1: Foul Ball, location: 2F
0-2: Fly out, F7 (Flyball, 78M, EV 89.4 MPH)
Top of the 1st over - 0 runs, 0 hits, 0 errors, 0 left on base; University of South Carolina 0 - Fresno State University 0
BOTTOM OF THE 1ST
Fresno State University Bulldogs batting - Pitching for University of South Carolina Gamecocks : LHP Noah Hornby
Pitching: LHP Noah Hornby
Batting: RHB Janne Vihko 0-0: Ball
1-0: Ground out 6-3 (Groundball, 6, EV 87.5 MPH)
Batting: RHB Armando Ramirez 0-0: Ball
1-0: Ball
2-0: Foul Ball, location: 2F
2-1: Ball
3-1: Foul Ball, location: 2F
3-2: Strikes out looking
Batting: SHB Andres Agudo 0-0: Ball
1-0: Called Strike
1-1: Foul Ball, location: 2F
1-2: Ball
2-2: Ball
3-2: Foul Ball, location: 2F
3-2: Fly out, F8 (Line Drive, 89M, EV 98.1 MPH)
Bottom of the 1st over - 0 runs, 0 hits, 0 errors, 0 left on base; University of South Carolina 0 - Fresno State University 0
TOP OF THE 2ND
University of South Carolina Gamecocks batting - Pitching for Fresno State University Bulldogs : LHP David Salcido
Batting: RHB Ruben Domingues 0-0: Ball
1-0: Ball
2-0: Called Strike
2-1: Swinging Strike
2-2: Ball
3-2: Base on Balls
Batting: RHB Jeff McClellan 0-0: Ball
1-0: Ball
2-0: Ground out 4-3 (Groundball, 4S, EV 62.5 MPH)
Ruben Domingues to second
Batting: RHB Eddie Dimas 0-0: SINGLE (Line Drive, 34D, EV 99.4 MPH)
Ruben Domingues to third
Runner from 3rd tries for Home, SAFE, throw by RF to home
Batting: RHB Juan Acero 0-0: Foul Ball, location: 2F
0-1: Ball
1-1: Ball
2-1: Ball
3-1: Foul Ball, location: 2F
3-2: Foul Ball, location: 2F
3-2: Base on Balls
Eddie Dimas to second
Batting: RHB Victor Dominguez 0-0: Ball
1-0: Fielders Choice at 2nd, 4-6 (Groundball, 4S, EV 91.2 MPH)
Eddie Dimas to third
Batting: RHB Dustin Bursell 0-0: Ball
1-0: Fielders Choice at 2nd, 6-4 (Groundball, 6, EV 84.4 MPH)
Top of the 2nd over - 1 run, 1 hit, 0 errors, 2 left on base; University of South Carolina 1 - Fresno State University 0
BOTTOM OF THE 2ND
Fresno State University Bulldogs batting - Pitching for University of South Carolina Gamecocks : LHP Noah Hornby
Batting: RHB Felix Rangel 0-0: Called Strike
0-1: Fly out, F8 (Flyball, 8LD, EV 103.8 MPH)
Batting: LHB Jesus Huante 0-0: Called Strike
0-1: Foul Ball, location: 2F
0-2: SINGLE (Flyball, 56D, EV 90.6 MPH)
Batting: RHB Jeff Floyd 0-0: Foul Ball, location: 2F
0-1: Foul Ball, location: 2F
0-2: Ball
1-2: Grounds into double play, 4-6-3 (Groundball, 4S, EV 85.0 MPH)
Bottom of the 2nd over - 0 runs, 1 hit, 0 errors, 0 left on base; University of South Carolina 1 - Fresno State University 0
TOP OF THE 3RD
University of South Carolina Gamecocks batting - Pitching for Fresno State University Bulldogs : LHP David Salcido
Batting: SHB Salvador Lacosta 0-0: Ball
1-0: Ball
2-0: Ball
3-0: Called Strike
3-1: Called Strike
3-2: Foul Ball, location: 2F
3-2: Base on Balls
Batting: RHB Clark Meagher 0-0: Ball
1-0: Foul Ball, location: 2F
1-1: Called Strike
1-2: Ball
2-2: Fly out, F6 (Line Drive, 6M, EV 72.5 MPH)
Batting: RHB Pablo Nunez 0-0: Ground out 5-3 (Groundball, 56S, EV 65.6 MPH)
Salvador Lacosta to second
Batting: RHB Ruben Domingues 0-0: Ball
1-0: Fly out, F8 (Line Drive, 89M, EV 95.0 MPH)
Top of the 3rd over - 0 runs, 0 hits, 0 errors, 1 left on base; University of South Carolina 1 - Fresno State University 0
BOTTOM OF THE 3RD
Fresno State University Bulldogs batting - Pitching for University of South Carolina Gamecocks : LHP Noah Hornby
Batting: LHB Mitsujiro Tanaka 0-0: Fly out, F5 (Popup, 56, EV 75.6 MPH)
Batting: RHB Jose Garibay 0-0: Ball
1-0: Called Strike
1-1: Ground out 5-3 (Groundball, 56S, EV 83.1 MPH)
Batting: RHB Manuel de los Santos 0-0: Swinging Strike
0-1: Fly out, F3 (Popup, 3S, EV 74.4 MPH)
Bottom of the 3rd over - 0 runs, 0 hits, 0 errors, 0 left on base; University of South Carolina 1 - Fresno State University 0
TOP OF THE 4TH
University of South Carolina Gamecocks batting - Pitching for Fresno State University Bulldogs : LHP David Salcido
Batting: RHB Jeff McClellan 0-0: Ball
1-0: Foul Ball, location: 2F
1-1: Swinging Strike
1-2: Fly out, F4 (Popup, 3D, EV 55.0 MPH)
Batting: RHB Eddie Dimas 0-0: SOLO HOME RUN (Flyball, 89XD, EV 99.4 MPH), Distance : 389 ft
Batting: RHB Juan Acero 0-0: Ball
1-0: Ball
2-0: Called Strike
2-1: Called Strike
2-2: Strikes out swinging
Batting: RHB Victor Dominguez 0-0: Called Strike
0-1: Ball
1-1: Fly out, F4 (Line Drive, 34D, EV 70.6 MPH)
Top of the 4th over - 1 run, 1 hit, 0 errors, 0 left on base; University of South Carolina 2 - Fresno State University 0
BOTTOM OF THE 4TH
Fresno State University Bulldogs batting - Pitching for University of South Carolina Gamecocks : LHP Noah Hornby
Batting: RHB Janne Vihko 0-0: Ball
1-0: Called Strike
1-1: Ball
2-1: Ball
3-1: Fly out, F7 (Line Drive, 7S, EV 90.0 MPH)
Batting: RHB Armando Ramirez 0-0: Called Strike
0-1: Swinging Strike
0-2: Strikes out swinging
Batting: SHB Andres Agudo 0-0: Ball
1-0: Foul Ball, location: 2F
1-1: Foul Ball, location: 2F
1-2: Foul Ball, location: 2F
1-2: Foul Ball, location: 2F
1-2: Ball
2-2: Foul Ball, location: 2F
2-2: Ball
3-2: Foul Ball, location: 2F
3-2: Fly out, F8 (Flyball, 89D, EV 88.8 MPH)
Bottom of the 4th over - 0 runs, 0 hits, 0 errors, 0 left on base; University of South Carolina 2 - Fresno State University 0
TOP OF THE 5TH
University of South Carolina Gamecocks batting - Pitching for Fresno State University Bulldogs : LHP David Salcido
Batting: RHB Dustin Bursell 0-0: Ball
1-0: Foul Ball, location: 2F
1-1: SINGLE (Groundball, 6M, EV 104.4 MPH)
Batting: SHB Salvador Lacosta 0-0: Foul Ball, location: 2F
0-1: Ball
1-1: Ball
2-1: Foul Ball, location: 2F
2-2: Ball
3-2: Base on Balls
Dustin Bursell to second
Batting: RHB Clark Meagher 0-0: Ball
1-0: Fly out, F8 (Flyball, 8RS, EV 84.4 MPH)
Batting: RHB Pablo Nunez 0-0: SINGLE (Line Drive, 34D, EV 98.1 MPH)
Dustin Bursell to third
Salvador Lacosta to second
Batting: RHB Ruben Domingues 0-0: Foul Ball, location: 2F
0-1: Ball
1-1: Foul Ball, location: 2F
1-2: Foul Ball, location: 2F
1-2: Ball
2-2: Ball
3-2: SINGLE (Flyball, 7LS, EV 94.4 MPH)
Dustin Bursell scores
Salvador Lacosta to third
Pablo Nunez to second
Batting: RHB Jeff McClellan 0-0: Ball
1-0: Foul Ball, location: 2F
1-1: Ball
2-1: Foul Ball, location: 2F
2-2: Foul Ball, location: 2F
2-2: SINGLE (Groundball, 6, EV 101.9 MPH) (infield hit)
Salvador Lacosta scores
Pablo Nunez to third
Ruben Domingues to second
Batting: RHB Eddie Dimas 0-0: Fly out, F9 (Flyball, 9LS, EV 80.0 MPH)
Batting: RHB Juan Acero 0-0: Ball
1-0: Ball
2-0: Ball
3-0: Called Strike
3-1: Ground out 5-3 (Groundball, 56S, EV 79.4 MPH)
Top of the 5th over - 2 runs, 4 hits, 0 errors, 3 left on base; University of South Carolina 4 - Fresno State University 0
BOTTOM OF THE 5TH
Fresno State University Bulldogs batting - Pitching for University of South Carolina Gamecocks : LHP Noah Hornby
Batting: RHB Felix Rangel 0-0: Called Strike
0-1: Called Strike
0-2: SINGLE (Groundball, 56D, EV 96.2 MPH)
Batting: LHB Jesus Huante 0-0: Called Strike
0-1: Fly out, F7 (Line Drive, 7LM, EV 96.9 MPH)
Batting: RHB Jeff Floyd 0-0: Ball
1-0: Called Strike
1-1: Called Strike
1-2: Grounds into double play, 6-4-3 (Groundball, 6M, EV 87.5 MPH)
Bottom of the 5th over - 0 runs, 1 hit, 0 errors, 0 left on base; University of South Carolina 4 - Fresno State University 0
TOP OF THE 6TH
University of South Carolina Gamecocks batting - Pitching for Fresno State University Bulldogs : LHP David Salcido
Batting: RHB Victor Dominguez 0-0: Ball
1-0: Ground out 5-3 (Groundball, 5S, EV 62.5 MPH)
Batting: RHB Dustin Bursell 0-0: Called Strike
0-1: Ball
1-1: Foul Ball, location: 2F
1-2: Ball
2-2: Ball
3-2: Foul Ball, location: 2F
3-2: Ground out 6-3 (Groundball, 6, EV 88.1 MPH)
Batting: SHB Salvador Lacosta 0-0: SINGLE (Line Drive, 34D, EV 97.5 MPH)
Batting: RHB Clark Meagher 0-0: Called Strike
0-1: Foul Ball, location: 2F
0-2: Foul Ball, location: 2F
0-2: Ball
1-2: Ball
2-2: Ball
3-2: Strikes out looking
Top of the 6th over - 0 runs, 1 hit, 0 errors, 1 left on base; University of South Carolina 4 - Fresno State University 0
BOTTOM OF THE 6TH
Fresno State University Bulldogs batting - Pitching for University of South Carolina Gamecocks : LHP Noah Hornby
Batting: LHB Mitsujiro Tanaka 0-0: Called Strike
0-1: Swinging Strike
0-2: Ball
1-2: Ball
2-2: Strikes out swinging
Batting: RHB Jose Garibay 0-0: Ball
1-0: Ground out 5-3 (Groundball, 5S, EV 80.6 MPH)
Batting: RHB Manuel de los Santos 0-0: Called Strike
0-1: Foul Ball, location: 2F
0-2: Strikes out looking
Bottom of the 6th over - 0 runs, 0 hits, 0 errors, 0 left on base; University of South Carolina 4 - Fresno State University 0
TOP OF THE 7TH
University of South Carolina Gamecocks batting - Pitching for Fresno State University Bulldogs : LHP David Salcido
Pitching: RHP Paul Olson
Batting: RHB Pablo Nunez 0-0: Foul Ball, location: 2F
0-1: Foul Ball, location: 2F
0-2: Ball
1-2: SOLO HOME RUN (Flyball, 7D, EV 96.2 MPH), Distance : 371 ft
Batting: RHB Ruben Domingues 0-0: Ground out 1-3 (Groundball, 34S, EV 71.9 MPH)
Batting: RHB Jeff McClellan 0-0: Ball
1-0: Called Strike
1-1: DOUBLE (Flyball, 89D, EV 95.6 MPH)
Batting: RHB Eddie Dimas 0-0: Called Strike
0-1: Ball
1-1: SINGLE (Groundball, 4MD, EV 98.1 MPH)
Jeff McClellan to third
Runner from 3rd tries for Home, SAFE, throw by CF to home
Batting: RHB Juan Acero 0-0: Grounds into double play, 1-4-3 (Groundball, 15S, EV 75.0 MPH)
Top of the 7th over - 2 runs, 3 hits, 0 errors, 0 left on base; University of South Carolina 6 - Fresno State University 0
BOTTOM OF THE 7TH
Fresno State University Bulldogs batting - Pitching for University of South Carolina Gamecocks : LHP Noah Hornby
Batting: RHB Janne Vihko 0-0: Swinging Strike
0-1: Ball
1-1: Swinging Strike
1-2: Foul Ball, location: 2F
1-2: Hit by Pitch
Batting: RHB Armando Ramirez 0-0: Called Strike
0-1: Fly out, F9 (Flyball, 89D, EV 100.6 MPH)
Batting: SHB Andres Agudo 0-0: Called Strike
0-1: Swinging Strike
0-2: Strikes out looking
Pitching: LHP Randy Boutilier
Batting: RHB Felix Rangel 0-0: Called Strike
Janne Vihko steals 2nd base (no throw)
0-1: Ball
1-1: Ball
2-1: Ground out 5-3 (Groundball, 56S, EV 87.5 MPH)
Bottom of the 7th over - 0 runs, 0 hits, 0 errors, 1 left on base; University of South Carolina 6 - Fresno State University 0
TOP OF THE 8TH
University of South Carolina Gamecocks batting - Pitching for Fresno State University Bulldogs : RHP Paul Olson
Batting: RHB Victor Dominguez 0-0: Fly out, F4 (Popup, 23, EV 90.6 MPH)
Batting: RHB Dustin Bursell 0-0: Called Strike
0-1: Ball
1-1: Ball
2-1: Fly out, F8 (Flyball, 8RD, EV 93.8 MPH)
Batting: SHB Salvador Lacosta 0-0: Ball
1-0: Called Strike
1-1: Foul Ball, location: 2F
1-2: Ball
2-2: Ball
3-2: Ground out 5-3 (Groundball, 56, EV 101.9 MPH)
Top of the 8th over - 0 runs, 0 hits, 0 errors, 0 left on base; University of South Carolina 6 - Fresno State University 0
BOTTOM OF THE 8TH
Fresno State University Bulldogs batting - Pitching for University of South Carolina Gamecocks : LHP Randy Boutilier
Batting: LHB Jesus Huante 0-0: Called Strike
0-1: Ball
1-1: Ball
2-1: Foul Ball, location: 2F
2-2: SOLO HOME RUN (Line Drive, 89XD, EV 103.1 MPH), Distance : 415 ft
Batting: RHB Jeff Floyd 0-0: SOLO HOME RUN (Flyball, 7LD, EV 93.8 MPH), Distance : 327 ft
Batting: LHB Mitsujiro Tanaka 0-0: Foul Ball, location: 2F
0-1: Foul Ball, location: 2F
0-2: Ball
1-2: Ground out 4-3 (Groundball, 34, EV 80.6 MPH)
Batting: RHB Jose Garibay 0-0: Ball
1-0: Ball
2-0: Swinging Strike
2-1: Ball
3-1: Base on Balls
Batting: RHB Manuel de los Santos 0-0: Ball
1-0: Ball
2-0: Ball
3-0: Called Strike
3-1: Fly out, F7 (Flyball, 7S, EV 86.2 MPH)
Batting: RHB Janne Vihko 0-0: SINGLE (Flyball, 34D, EV 95.0 MPH)
Jose Garibay to second
Runner from 2nd tries for 3rd, SAFE, no throw by RF
Batting: RHB Armando Ramirez 0-0: Ball
1-0: Ball
2-0: Ball
3-0: Base on Balls
Janne Vihko to second
Pitching: RHP Oscar Cisneros
Batting: SHB Andres Agudo 0-0: Called Strike
0-1: Swinging Strike
0-2: Ball
1-2: Ball
2-2: Ball
3-2: Strikes out looking
Bottom of the 8th over - 2 runs, 3 hits, 0 errors, 3 left on base; University of South Carolina 6 - Fresno State University 2
TOP OF THE 9TH
University of South Carolina Gamecocks batting - Pitching for Fresno State University Bulldogs : RHP Paul Olson
Batting: RHB Clark Meagher 0-0: Fly out, F9 (Flyball, 9, EV 95.0 MPH)
Batting: RHB Pablo Nunez 0-0: Foul Ball, location: 2F
0-1: Ball
1-1: Fly out, F6 (Line Drive, 6, EV 68.1 MPH)
Batting: RHB Ruben Domingues 0-0: Foul Ball, location: 2F
0-1: Swinging Strike
0-2: Ball
1-2: Strikes out swinging
Top of the 9th over - 0 runs, 0 hits, 0 errors, 0 left on base; University of South Carolina 6 - Fresno State University 2
BOTTOM OF THE 9TH
Fresno State University Bulldogs batting - Pitching for University of South Carolina Gamecocks : RHP Oscar Cisneros
Batting: RHB Felix Rangel 0-0: Swinging Strike
0-1: DOUBLE (Line Drive, 9LD, EV 107.5 MPH)
Batting: LHB Jesus Huante 0-0: Ground out 5-3 (Groundball, 5, EV 81.2 MPH)
Batting: RHB Jeff Floyd 0-0: Ball
1-0: Swinging Strike
1-1: Swinging Strike
1-2: Ball
2-2: Ball
3-2: Ground out 4-3 (Groundball, 4, EV 81.9 MPH)
Felix Rangel to third
Batting: LHB Mitsujiro Tanaka 0-0: Ball
1-0: Ball
2-0: Foul Ball, location: 2F
2-1: Foul Ball, location: 2F
2-2: Fly out, F7 (Flyball, 7, EV 88.8 MPH)
Bottom of the 9th over - 0 runs, 1 hit, 0 errors, 1 left on base; University of South Carolina 6 - Fresno State University 2
Wednesday, June 22nd , 2022 - OOTP Baseball 23.4 Build 64